 Dungeon Crawl Stone Soup version 0.31.0-1-g2c135a0 (webtiles) character file.

Game seed: 631792474818701604

302 jagoly the Trooper (level 6, -3/39 HPs)
             Began as a Gargoyle Monk on Feb 1, 2024.
             Incinerated by a bombardier beetle (5 damage)
             ... with a burning spray
             ... on level 5 of the Dungeon.
             The game lasted 00:04:42 (798 turns).

jagoly the Trooper (Gargoyle Monk)                   Turns: 798, Time: 00:04:42

Health: -3/39      AC: 11    Str: 16    XL:     6   Next: 37%
Magic:  6/6        EV: 10    Int: 11    God:
Gold:   55         SH:  0    Dex: 12    Spells: 5/5 levels left

rFire   . . .        a - +0 war axe
rCold   . . .        d - orb {light}
rNeg    + . .        m - +0 scale mail
rPois   ∞            (no helmet)
rElec   +            (no cloak)
rCorr   .            (no gloves)
SInv    .            (no boots)
Will    .....        (no amulet) Stlth
                     (no ring)
HPRegen 0.26/turn    (no ring)
MPRegen 0.10/turn

%: no passive effects
@: on fire, glowing
A: sickness immunity, AC +4, negative energy resistance 1, electricity
resistance, torment resistance 1, petrification resistance
a: no special abilities


You were on level 5 of the Dungeon.
You visited 1 branch of the dungeon, and saw 5 of its levels.

You collected 55 gold pieces.

Inventory:

Hand Weapons
 a - a +0 war axe (weapon)
Missiles
 h - 5 poisoned darts (quivered)
 l - 15 stones
Armour
 b - a +0 robe
 d - an orb of light (worn)
 m - a +0 scale mail (worn)
Scrolls
 e - a scroll of vulnerability {unknown}
 f - a scroll of immolation {unknown}
 g - 4 scrolls of poison {unknown}
 j - a scroll of teleportation {unknown}
 k - a scroll of revelation {unknown}
 o - a scroll of enchant weapon {unknown}
Potions
 c - a potion of brilliance {unknown}
 i - a potion of lignification {unknown}
 n - a potion of heal wounds {unknown}


   Skills:
 + Level 4.6 Fighting
 * Level 4.6 Axes
 + Level 2.8 Armour
 - Level 3.0 Dodging


You had 5 spell levels left.
You didn't know any spells.
Your spell library contained the following spells:

 Spells                   Type           Power      Damage    Failure   Level
 Ensorcelled Hibernation  Hex/Ice        0%         N/A       88%         2
 Lesser Beckoning         Tloc           0%         N/A       88%         2
 Fugue of the Fallen      Necr           0%         N/A       98%         3
 Gell's Gravitas          Tloc           0%         N/A       98%         3
 Teleport Other           Tloc           0%         N/A       98%         3
 Anguish                  Hex/Necr       0%         N/A       100%        4


Dungeon Overview and Level Annotations

Branches:
Dungeon (5/15) Zot: 26918
 Temple: D:4-7

Altars:
Makhleb
Sif Muna


Innate Abilities, Weirdness & Mutations

You are immune to sickness and miasma.
Your stone body is resilient. (AC +4)
You are immune to poison.
You resist negative energy. (rN+)
You are resistant to electric shocks. (rElec)
You are resistant to unholy torment.
You are immune to petrification.


Message History

You see here a +0 war axe.
You are now empty-handed.
You drop a +0 hand axe.
You are already empty-handed.
a - a +0 war axe (weapon)
There is a stone staircase leading down here.
You climb downwards.
The rat squeaks loudly.
You hear a shout!
Found a scale mail.
There is a stone staircase leading up here.
You see here a +0 scale mail.
The rat completely misses you.
A gnoll comes into view. It is wielding a +0 flail.
There is a stone staircase leading up here.
You hit the rat.
You kill the rat!
You see here a +0 scale mail.
m - a +0 scale mail
There is a stone staircase leading up here.
You climb upwards.
There is a stone staircase leading down here.
You start removing your armour.
You continue taking off your +0 robe. x4
You finish taking off your +0 robe.
You start putting on your armour.
You continue putting on your +0 scale mail. x5
You finish putting on your +0 scale mail.
You see here a +0 hand axe.
A giant cockroach comes into view.
A ribbon worm comes into view.
You barely miss the giant cockroach.
The giant cockroach bites you but does no damage.
The ribbon worm expels a string of sticky webbing.
The stream of webbing hits you but does no damage.
You are caught in a web!
The web tears apart.
The giant cockroach barely misses you. The giant cockroach misses you.
You barely miss the giant cockroach. The giant cockroach barely misses you.
You slash the giant cockroach!
You kill the giant cockroach!
The ribbon worm expels a string of sticky webbing.
The stream of webbing hits you but does no damage.
You are caught in a web!
The web tears apart.
You hit the ribbon worm.
The ribbon worm is lightly wounded.
The ribbon worm bites you but does no damage.
You slash the ribbon worm!
The ribbon worm is heavily wounded.
The ribbon worm misses you.
You hit the ribbon worm.
The ribbon worm is heavily wounded.
The ribbon worm closely misses you.
You hit the ribbon worm.
The ribbon worm is severely wounded.
The ribbon worm expels a string of sticky webbing.
The stream of webbing hits you but does no damage.
You are caught in a web!
The ribbon worm bites you.
The web tears apart.
You hit the ribbon worm but do no damage.
The ribbon worm is heavily wounded.
The ribbon worm bites you but does no damage.
You hit the ribbon worm.
The ribbon worm is severely wounded.
The ribbon worm barely misses you. The ribbon worm bites you!
* * * LOW HITPOINT WARNING * * *
You are too injured to fight recklessly!
You are too injured to fight recklessly!
Cleave: a) +0 war axe
Press: ? - help, Dir - move target, f - ribbon worm
Aim: a ribbon worm (severely wounded, haloed, about 3% to evade your +0 war axe)
You hit the ribbon worm.
The ribbon worm is severely wounded.
The ribbon worm bites you but does no damage.
Cleave: a) +0 war axe
Press: ? - help, Dir - move target, f/p - ribbon worm
Aim: a ribbon worm (severely wounded, haloed, about 3% to evade your +0 war axe)
You hit the ribbon worm.
The ribbon worm is almost dead.
The ribbon worm closely misses you.
Cleave: a) +0 war axe
Press: ? - help, Dir - move target, f/p - ribbon worm
Aim: a ribbon worm (almost dead, haloed, about 3% to evade your +0 war axe)
You hit the ribbon worm but do no damage.
The ribbon worm is almost dead.
The ribbon worm expels a string of sticky webbing.
The stream of webbing misses you.
Cleave: a) +0 war axe
Press: ? - help, Dir - move target, f/p - ribbon worm
Aim: a ribbon worm (almost dead, catching its breath, haloed, about 3% to evade your +0 war axe)
You hit the ribbon worm.
The ribbon worm is almost dead.
The ribbon worm bites you.
* * * LOW HITPOINT WARNING * * *
Cleave: a) +0 war axe
Press: ? - help, Dir - move target, f/p - ribbon worm
Aim: a ribbon worm (almost dead, catching its breath, haloed, about 3% to evade your +0 war axe)
You slash the ribbon worm!
You kill the ribbon worm!
Your Armour skill increases to level 1!
A ribbon worm comes into view.
There is a stone staircase leading down here.
You climb downwards.
Found a dark potion.
There is a stone staircase leading up here.
An adder comes into view.
Found a stone staircase leading down.
You barely miss the adder. The adder bites you.
* * * LOW HITPOINT WARNING * * *
The adder closely misses you.
You slash the adder!
The adder is almost dead.
The adder misses you. The adder bites you but does no damage.
You hit the adder but do no damage.
The adder is almost dead.
The adder barely misses you.
You hit the adder.
You kill the adder!
You have reached level 3!
Your experience leads to an increase in your attributes!
Increase (S)trength, (I)ntelligence, or (D)exterity?
You feel stronger. x2
n - a dark potion A hobgoblin comes into view.
Found 5 stones.
As you open the door, it creaks loudly! The hobgoblin barely misses you.
You hit the hobgoblin but do no damage. The hobgoblin barely misses you.
You slash the hobgoblin!
You kill the hobgoblin!
l - 10 stones (gained 5)
There is a stone staircase leading down here.
You climb downwards.
There is a stone staircase leading up here.
HP restored.
Found a scroll labelled NOOTAEB LEAJY.
o - a scroll labelled NOOTAEB LEAJY A dart slug comes into view.
Found 5 stones.
A dart slug is nearby!
The dart slug launches a dart at you. The slug dart misses you.
You hit the dart slug.
The dart slug is lightly wounded.
The dart slug bites you but does no damage.
You slash the dart slug!
The dart slug is almost dead.
The dart slug closely misses you.
You hit the dart slug.
You kill the dart slug!
No target in view!
No target in view!
You see here a dart slug corpse.
l - 15 stones (gained 5)
Found a stone staircase leading up.
There is a stone staircase leading up here.
You climb upwards.
Found a flux talisman.
There is a stone staircase leading down here.
You climb downwards.
There is a stone staircase leading up here.
An endoplasm comes into view.
Found a stone staircase leading down.
The endoplasm quivers.
A goblin comes into view. It is wielding a +0 dagger.
The goblin shouts!
The endoplasm hits you but does no damage.
You hit the endoplasm.
The endoplasm is severely wounded.
The endoplasm freezes you.
You are frozen.
You hit the endoplasm.
The endoplasm is almost dead.
The endoplasm barely misses you. x2
You slash the endoplasm!
You kill the endoplasm!
The goblin unwields a +0 dagger.
The goblin wields a +0 sling.
The goblin shoots a sling bullet.
The sling bullet closely misses you.
The goblin unwields a +0 sling.
The goblin wields a +0 dagger.
The goblin hits you but does no damage.
You closely miss the goblin. The goblin hits you with a +0 dagger.
You hit the goblin.
The goblin is moderately wounded.
The goblin barely misses you.
You hit the goblin but do no damage.
The goblin is moderately wounded.
The goblin misses you. The goblin hits you but does no damage.
You closely miss the goblin.
The goblin is moderately wounded.
The goblin hits you but does no damage.
You hit the goblin but do no damage.
The goblin is moderately wounded.
The goblin hits you but does no damage.
You barely miss the goblin.
The goblin is moderately wounded.
The goblin barely misses you. The goblin hits you but does no damage.
You hit the goblin.
You kill the goblin!
No target in view!
No target in view!
Things that are here:
a +0 dagger; a +0 sling; a goblin corpse
There is a stone staircase leading down here.
You climb downwards.
Found 32 gold pieces and a book of Dreams.
Found a shimmering blue altar of Sif Muna.
There is a stone staircase leading up here.
Found a burning altar of Makhleb.
An iguana comes into view.
Found a whip.
The iguana hisses angrily.
An adder comes into view.
The adder hisses angrily.
You see here a book of Dreams.
You pick up a book of Dreams and begin reading...
You add the spells Ensorcelled Hibernation, Fugue of the Fallen and Anguish to your library.
You barely miss the iguana. The iguana barely misses you.
You barely miss the iguana.
An orc comes into view. It is wielding a +0 morningstar.
The iguana closely misses you.
The orc shouts!
You slash the adder!
The adder is severely wounded.
You hit the iguana but do no damage. The adder barely misses you.
The iguana barely misses you. The adder bites you but does no damage.
The iguana barely misses you.
You closely miss the adder.
The adder is severely wounded.
You hit the iguana but do no damage. The adder barely misses you.
The iguana bites you but does no damage.
You closely miss the adder.
The adder is severely wounded.
You barely miss the iguana. The adder completely misses you.
A scorpion comes into view.
The iguana bites you! The adder bites you.
The scorpion moves out of view.
You closely miss the adder.
The adder is severely wounded.
You completely miss the iguana. The adder barely misses you.
The iguana bites you but does no damage.
The adder bites you but does no damage. The iguana misses you.
You closely miss the adder.
The adder is severely wounded.
You hit the iguana but do no damage. The adder barely misses you.
The iguana bites you but does no damage.
The adder bites you but does no damage.
You hit the adder.
You kill the adder!
You hit the iguana but do no damage.
A phantom comes into view.
The iguana bites you but does no damage.
You hit the iguana.
The iguana is lightly wounded.
You hit the orc. The orc hits you with a +0 morningstar.
* * * LOW HITPOINT WARNING * * *
The iguana hisses menacingly.
The iguana bites you.
* * * LOW HITPOINT WARNING * * *
The iguana closely misses you. The orc hits you with a +0 morningstar.
* * * LOW HITPOINT WARNING * * *
You are confused.
You feel invigorated. The orc closely misses you.
The iguana closely misses you.
You barely miss the iguana.
The iguana is lightly wounded.
You hit the orc.
You kill the orc!
The iguana barely misses you. The scorpion stings you.
The scorpion attacks as it pursues you! The scorpion closely misses you.
The iguana attacks as it pursues you! The iguana bites you!
You closely miss the scorpion. You closely miss the iguana.
The scorpion closely misses you. The iguana completely misses you.
The scorpion barely misses you.
You closely miss the scorpion. You hit the iguana but do no damage.
The iguana barely misses you. The scorpion completely misses you.
The iguana closely misses you.
You bump into the rock wall.
The scorpion closely misses you.
The iguana bites you but does no damage.
You hit the scorpion.
The scorpion is lightly wounded.
You hit the iguana.
The scorpion stings you but does no damage.
The scorpion misses you. The iguana bites you!
Found a hand axe.
You feel less invigorated.
You feel less confused.
You completely miss the scorpion.
The scorpion is lightly wounded.
You hit the iguana.
The scorpion stings you but does no damage.
The iguana barely misses you. The scorpion stings you.
You hit the scorpion but do no damage.
The scorpion is lightly wounded.
You hit the iguana but do no damage. The iguana misses you.
The scorpion stings you but does no damage.
The phantom hits you but does no damage.
You hit the scorpion.
The scorpion is moderately wounded.
You closely miss the phantom. You hit the iguana but do no damage.
The scorpion stings you.
The iguana hisses menacingly.
The iguana barely misses you.
The scorpion stings you but does no damage.
The phantom hits you but does no damage.
The iguana bites you.
You barely miss the scorpion.
The scorpion is lightly wounded.
You hit the phantom but do no damage. You hit the iguana.
You kill the iguana!
The scorpion barely misses you. The phantom hits you.
The phantom blinks!
You blink.
You have reached level 4!
You feel clever.
You slash the phantom!
The phantom is moderately damaged.
The phantom closely misses you. The phantom hits you.
* * * LOW HITPOINT WARNING * * *
The phantom blinks!
You blink.
An adder comes into view.
Found a viscous inky potion.
You hit the phantom.
The phantom is moderately damaged.
The adder hisses angrily.
The adder bites you.
* * * LOW HITPOINT WARNING * * *
The phantom hits you but does no damage.
You hit the phantom.
The phantom is moderately damaged.
You hit the adder. The adder bites you but does no damage.
The phantom hits you.
* * * LOW HITPOINT WARNING * * *
The adder bites you but does no damage.
You hit the phantom but do no damage.
The phantom is moderately damaged.
You hit the adder. The phantom misses you. The adder closely misses you.
The phantom barely misses you.
You hit the phantom.
The phantom is heavily damaged.
You slash the adder!
You kill the adder!
The phantom completely misses you.
You hit the phantom.
The phantom is severely damaged.
You hit the scorpion but do no damage. The scorpion misses you.
The phantom closely misses you.
You closely miss the phantom.
The phantom is severely damaged.
You slash the scorpion!
The scorpion stings you but does no damage.
The phantom hits you.
* * * LOW HITPOINT WARNING * * *
The phantom blinks!
You blink.
Found a weird smoking staff.
The phantom hits you but does no damage.
You hit the phantom but do no damage.
The phantom is severely damaged.
The phantom hits you but does no damage.
The scorpion barely misses you.
You slash the phantom!
The phantom is almost destroyed.
You hit the scorpion. The phantom hits you.
* * * LOW HITPOINT WARNING * * *
The scorpion stings you but does no damage.
You barely miss the phantom.
The phantom is almost destroyed.
You hit the scorpion. The scorpion completely misses you.
The phantom hits you but does no damage.
The scorpion stings you but does no damage.
The phantom hits you but does no damage.
You hit the phantom.
You destroy the phantom!
You hit the scorpion.
You kill the scorpion!
Training target 3.0 for Dodging reached!
Your Fighting skill increases to level 4!
Your Axes skill increases to level 4!
Your Armour skill increases to level 2!
Your Dodging skill increases to level 3!
You have reached level 5!
You have reached level 6!
You see here a scorpion corpse.
An iguana comes into view.
Found a runed long sword.
The iguana hisses angrily.
Throw: 5 darts (poison)
Press: ? - help, Shift-Dir - straight line, f - iguana
Aim: an iguana (60% to hit)
You throw a poisoned dart. The poisoned dart hits the iguana.
The iguana is poisoned.
A sleepcap comes into view. x2
Throw: 4 darts (poison)
Press: ? - help, Shift-Dir - straight line, f/p - iguana
Aim: an iguana (poisoned, haloed, 80% to hit)
You throw a poisoned dart. The poisoned dart hits the iguana.
The iguana looks even sicker.
Throw: 3 darts (poison)
Press: ? - help, Shift-Dir - straight line, f/p - iguana
Aim: an iguana (very poisoned, haloed, 80% to hit)
You throw a poisoned dart. The poisoned dart hits the iguana.
The iguana looks even sicker.
Cleave: a) +0 war axe
Press: ? - help, Dir - move target, f/p - iguana
Aim: an iguana (very poisoned, haloed, about 18% to evade your +0 war axe)
You slash the iguana!
The iguana is severely wounded.
The iguana barely misses you.
Cleave: a) +0 war axe
Press: ? - help, Dir - move target, f/p - iguana
Aim: an iguana (severely wounded, very poisoned, haloed, about 18% to evade your +0 war axe)
You hit the iguana.
The iguana is almost dead.
The iguana barely misses you.
Cleave: a) +0 war axe
Press: ? - help, Dir - move target, f/p - iguana
Aim: an iguana (almost dead, very poisoned, haloed, about 18% to evade your +0 war axe)
You hit the iguana.
You kill the iguana!
Cleave: a) +0 war axe
Press: ? - help, Dir - move target, f - sleepcap
Aim: a sleepcap (haloed, about 2% to evade your +0 war axe)
You slash the sleepcap!
The sleepcap is heavily damaged.
You hit the sleepcap but do no damage.
The sleepcap releases spores at you but does no damage. x2
Cleave: a) +0 war axe
Press: ? - help, Dir - move target, f/p - sleepcap
Aim: a sleepcap (moderately damaged, haloed, about 2% to evade your +0 war axe)
You hit the sleepcap.
The sleepcap is heavily damaged.
You hit the sleepcap. The sleepcap completely misses you.
The sleepcap closely misses you.
Cleave: a) +0 war axe
Press: ? - help, Dir - move target, f/p - sleepcap
Aim: a sleepcap (heavily damaged, haloed, about 2% to evade your +0 war axe)
You hit the sleepcap.
The sleepcap is severely damaged.
You hit the sleepcap.
The sleepcap releases spores at you but does no damage.
The sleepcap releases spores at you.
* * * LOW HITPOINT WARNING * * *
The sleepcap releases spores at you.
* * * LOW HITPOINT WARNING * * *
The sleepcap releases spores at you but does no damage.
Cleave: a) +0 war axe
Press: ? - help, Dir - move target, f/p - sleepcap
Aim: a sleepcap (severely damaged, haloed, about 2% to evade your +0 war axe)
You hit the sleepcap.
The sleepcap is severely damaged.
You hit the sleepcap but do no damage. The sleepcap barely misses you.
The sleepcap closely misses you.
Cleave: a) +0 war axe
Press: ? - help, Dir - move target, f/p - sleepcap
Aim: a sleepcap (severely damaged, haloed, about 2% to evade your +0 war axe)
You slash the sleepcap!
You destroy the sleepcap!
You hit the sleepcap.
The sleepcap releases spores at you but does no damage.
Cleave: a) +0 war axe
Press: ? - help, Dir - move target, f - sleepcap
Aim: a sleepcap (moderately damaged, haloed, about 2% to evade your +0 war axe)
You hit the sleepcap but do no damage.
The sleepcap is moderately damaged.
The sleepcap releases spores at you but does no damage.
Cleave: a) +0 war axe
Press: ? - help, Dir - move target, f/p - sleepcap
Aim: a sleepcap (moderately damaged, haloed, about 2% to evade your +0 war axe)
You slash the sleepcap!
The sleepcap is heavily damaged.
The sleepcap releases spores at you but does no damage.
The sleepcap misses you.
Cleave: a) +0 war axe
Press: ? - help, Dir - move target, f/p - sleepcap
Aim: a sleepcap (heavily damaged, haloed, about 2% to evade your +0 war axe)
You slash the sleepcap!
The sleepcap is almost destroyed.
The sleepcap releases spores at you.
* * * LOW HITPOINT WARNING * * *
Cleave: a) +0 war axe
Press: ? - help, Dir - move target, f/p - sleepcap
Aim: a sleepcap (almost destroyed, haloed, about 2% to evade your +0 war axe)
You hit the sleepcap but do no damage.
The sleepcap is almost destroyed.
The sleepcap releases spores at you but does no damage.
Cleave: a) +0 war axe
Press: ? - help, Dir - move target, f/p - sleepcap
Aim: a sleepcap (almost destroyed, haloed, about 2% to evade your +0 war axe)
You slash the sleepcap!
You destroy the sleepcap!
Found a grey potion.
h - 3 poisoned darts (gained 1)
h - 4 poisoned darts (gained 1)
A bombardier beetle comes into view.
You see here a poisoned dart.
You see here a viscous inky potion.
c - a viscous inky potion You see here a poisoned dart.
h - 5 poisoned darts (gained 1)
The bombardier beetle sprays incendiary fluid at you.
The burning spray hits you.
You are covered in liquid fire!
You shake off some of the fire as you move.
The liquid fire burns you!
* * * LOW HITPOINT WARNING * * *
You shake off some of the fire as you move.
The liquid fire burns you!
You die...

..#.....# ...
.......B## ....
#........####..###
#..!.............#
#..........).....#
#................ .
#..............## ..
#............#...#.
..........@..#....
....#........#..##
...
#........#...##..#.
..
#.....†...†........ .
..#.##..............
#.##....#..##...#.|..
.....).##....#..# #..
#.#........#.## .
.###.##......#..#


You could see a bombardier beetle.

Vanquished Creatures
  A phantom (D:5)
  A scorpion (D:5)
  2 sleepcaps (D:5)
  2 iguanas (D:5)
  3 adders
  2 dart slugs
  2 ribbon worms
  An orc (D:5)
  A ball python (D:1)
  2 endoplasms
  A giant cockroach (D:2)
  A goblin (D:4)
  A hobgoblin (D:3)
  3 quokkas
  3 frilled lizards (D:1)
  A kobold (D:1)
  3 rats
30 creatures vanquished.

Notes
Turn   | Place    | Note
-------+----------+-------------------------------------------
     0 | D:1      | jagoly the Gargoyle Monk began the quest for the Orb.
     0 | D:1      | Reached XP level 1. HP: 14/14 MP: 1/1
   251 | D:1      | Reached XP level 2. HP: 6/19 MP: 2/2
   536 | D:2      | Reached skill level 1 in Armour
   547 | D:3      | Reached XP level 3. HP: 8/23 MP: 3/3
   729 | D:5      | Entered Level 5 of the Dungeon
   729 | D:5      | Found a shimmering blue altar of Sif Muna.
   730 | D:5      | Found a burning altar of Makhleb.
   739 | D:5      | Noticed a scorpion
   742 | D:5      | Noticed a phantom
   757 | D:5      | Reached XP level 4. HP: 20/29 MP: 4/4
   767 | D:5      | Killed a phantom
   767 | D:5      | Killed a scorpion
   768 | D:5      | Reached XP level 5. HP: 4/34 MP: 5/5
   768 | D:5      | Reached XP level 6. HP: 4/39 MP: 6/6
   798 | D:5      | Incinerated by a bombardier beetle

Illustrated notes

Levels and vault maps discovered:
D:1:      nagdon_arrival_double_spiral, layout_basic, reono_crystal_passage
D:2:      layout_rooms
D:3:      layout_rooms, nrook_mini_vaults, hangedman_abyss_or_decor_stabs,
          kennysheep_generic_room_3
D:4:      layout_basic, nicolae_figureground_sparkle
D:5:      layout_cave_pools, gammafunk_temple_overflow_forgotten,
          mainiacjoe_overflow_boulevard, gammafunk_ghost_necromancy

Skill      XL: |  1  2  3  4 |
---------------+-------------+-----
Axes           | 3 4 |  4.6
Armour         | 1 2 |  2.8
Fighting       | 4 |  4.6
Dodging        | 3 |  3.0

Action                     |  1- 3 |  4- 6 || total
---------------------------+-------+-------++-------
  Melee: Hand axe          |    43 |       ||    43
         War axe           |    51 |    24 ||    75
  Throw: Dart              |       |     3 ||     3
    Use: Potion            |     1 |       ||     1
 Armour: Robe              |    21 |       ||    21
         Scale mail        |    43 |    26 ||    69
  Dodge: Dodged            |    75 |    16 ||    91
